 Dungeon Crawl Stone Soup version 0.30-a0-634-g8abc85282e (webtiles) character file.

Game seed: 17530736058850813201

129916 tilp the Warrior (level 17, -1/156 HPs)
             Began as a Meteoran Fighter on Jan 14, 2023.
             Was an Elder of Okawaru.
             Killed from afar by a manticore (5 damage)
             ... with a volley of spikes
             ... on level 3 of the Shoals.
             The game lasted 01:04:54 (11061 turns).

tilp the Warrior (Meteoran Fighter)                Turns: 11061, Time: 01:04:55

Health: -1/156     AC: 27    Str: 18    XL:     17   Next: 87%
Magic:  29/29      EV: 24    Int: 13    God:    Okawaru [****..]
Gold:   804        SH: 19    Dex: 21    Spells: 16/16 levels left

rFire   . . .      SeeInvis .    a - +5 double sword (elec)
rCold   . . .      Faith    .    Z - +0 kite shield {AC+3}
rNeg    . . .      Spirit   .    Y - +5 ring mail of Leaves {rElec Int+2 Slay+2}
rPois   +          Reflect  +    l - +1 helmet
rElec   +          Harm     .    g - +1 cloak
rCorr   .          Rampage  .    x - +0 pair of gloves
Will    ++...                    s - +1 pair of boots
Stlth   ++                       Q - amulet of reflection
HPRegen 0.46/turn                J - ring of poison resistance
MPRegen 0.21/turn                c - ring of flight

@: heroic, finesse-ful, spiked, flying, glowing
A: sense surroundings 2, otherworldly, glowing, explore regen
}: 1/15 runes: serpentine
a: Renounce Religion, Heroism, Finesse


You were on level 3 of the Shoals.
You worshipped Okawaru.
Okawaru was greatly pleased with you.
You visited 5 branches of the dungeon, and saw 24 of its levels.

You collected 1873 gold pieces.
You spent 1069 gold pieces at shops.

Inventory:

Hand Weapons
 a - a +5 double sword of electrocution (weapon)
 b - the +8 Vampire's Tooth {megavamp}
   (Okawaru gifted it to you on level 4 of the Snake Pit)
 W - the +4 scimitar "Otish" {freeze, Will++ Stlth+}
   (You bought it in a shop on level 1 of the Dungeon)

   Will:      It greatly increases your willpower.
   Stlth:     It makes you more stealthy.
Missiles
 d - a datura-tipped dart
 e - 6 curare-tipped darts
 k - 2 silver boomerangs
 n - 26 poisoned darts (quivered)
 p - 8 atropa-tipped darts
 u - 13 boomerangs
 M - 7 javelins
 T - 4 silver javelins
 V - a boomerang of dispersal
Armour
 g - a +1 cloak (worn)
 l - a +1 helmet (worn)
 r - a +0 tower shield of fire resistance
 s - a +1 pair of boots (worn)
 x - a +0 pair of gloves (worn)
 X - the +1 plate armour of Defence {rN+}
   (Okawaru gifted it to you on level 1 of the Snake Pit)

   rN:        It protects you from negative energy.
 Y - the +5 ring mail of Leaves (worn) {rElec Int+2 Slay+2}
   (You found it on level 2 of the Snake Pit)

   Int:       It affects your intelligence (+2).
   Slay:      It affects your accuracy & damage with ranged weapons and melee
   (+2).
   rElec:     It insulates you from electricity.
 Z - a +0 kite shield of protection (worn)
Jewellery
 c - a ring of flight (right hand)
 j - a ring of fire
 o - a ring of positive energy
 y - a +6 ring of dexterity
 A - a ring of willpower
 F - an amulet of faith
 J - a ring of poison resistance (left hand)
 L - a ring of willpower
 Q - an amulet of reflection (around neck)
Wands
 m - a wand of flame (19)
 B - a wand of quicksilver (13)
 E - a wand of digging (5)
 I - a wand of polymorph (6)
Scrolls
 h - 3 scrolls of poison
 i - 7 scrolls of teleportation
 t - 2 scrolls of magic mapping
 G - a scroll of torment
 H - a scroll of brand weapon
 K - a scroll of immolation {unknown}
 P - a scroll of fog
Potions
 q - 4 potions of mutation
 v - 7 potions of curing
 w - a potion of flight
 C - a potion of cancellation
 D - 3 potions of heal wounds
 N - a potion of berserk rage
 O - 3 potions of attraction
 R - 4 potions of haste
 U - 9 potions of ambrosia
Miscellaneous
 z - a piece from Xom's chessboard (15/15)
 S - a lightning rod (2/4)


   Skills:
 * Level 15.3(20.3) Fighting
 - Level 14.0(19.0) Long Blades
 + Level 8.4(13.4) Throwing
 + Level 12.2(17.2) Armour
 + Level 15.1(20.1) Dodging
 - Level 4.0(9.0) Stealth
 + Level 8.4(13.4) Shields
 + Level 15.2 Invocations
 + Level 10.3 Evocations


You had 16 spell levels left.
You didn't know any spells.
Your spell library was empty.

Dungeon Overview and Level Annotations

Branches:
Dungeon (11/15) Zot: 1260  Temple (1/1) D:5 Zot: 535    Lair (5/5) D:11 Zot: 399
 Shoals (2/4) Lair:3 Zot: 1435   Snake (4/4) Lair:2 Zot: 191   Slime (0/5) Lair:4
    Orc (0/2) D:10

Altars:
Cheibriados
Dithmenos
Fedhas
Hepliaklqana
Kikubaaqudgha
Makhleb
Nemelex Xobeh
Okawaru
Qazlal
Sif Muna
Uskayaw
Vehumet
Wu Jian
Xom
The Shining One
Jiyva
Lugonu

Shops:
D:1 (   D:5 =   D:6 [   D:10 ?[?   Snake:2 *[(   Snake:3 ==:

Annotations:
D:5 great ring
D:7 1 transporter
Lair:1 3 runed translucent doors, Jusyriro's ghost, journeyman DjCj
Shoals:1 1 runed translucent door


Innate Abilities, Weirdness & Mutations

You passively map the area around you.
You are easily found by Zot.
You glow in the dark.
You regain HP and MP as you explore.


Message History

You block the dream sheep's attack.
The dream sheep attacks as you move away!
The dream sheep closely misses you.
Aiming: Thunderbolt
Press: ? - help, Shift-Dir - straight line, f - dream sheep
Aim: a dream sheep The thunderbolt hits the alligator snapping turtle.
The alligator snapping turtle is lightly wounded.
The thunderbolt hits the dream sheep!!
The dream sheep is almost dead.
The thunderbolt hits the alligator snapping turtle!
The alligator snapping turtle is almost dead.
The thunderbolt hits the dream sheep!
The dream sheep is heavily wounded.
The dream sheep bites you but does no damage.
Unknown command.
Unknown command.
Unknown command.
Aiming: Thunderbolt
Press: ? - help, Shift-Dir - straight line, p - dream sheep The thunderbolt hits the alligator snapping turtle.
The alligator snapping turtle is lightly wounded.
The thunderbolt hits the manticore!
The manticore is moderately wounded.
The thunderbolt hits the alligator snapping turtle!
The alligator snapping turtle is almost dead.
The thunderbolt hits the dream sheep!
You kill the dream sheep!
Okawaru accepts your kill.
The thunderbolt hits the dream sheep!
You kill the dream sheep!
Okawaru accepts your kill.
The alligator snapping turtle bites you from afar!!
* * * LOW HITPOINT WARNING * * *
The merfolk siren chants a haunting song.
You resist with almost no effort.
The manticore flicks its tail.
The volley of spikes hits you.
The barbed spikes become lodged in your body.
You die...

~~~≈~~~~~.....~~≈~~~,,,,~~~~~~~~~
~*~≈≈~~~...#...PPP~~~,,,,~~~~~~~~
~~~≈≈~~........P..,,~~~,~~~~~~~~~
~~~*~~P..#......#****,,,~~~~~~~~~
~~~PP#~#.......P# **,,,~~~~~~~~
~~~~~~~.....t...# **>,,~~~~~~~
~~~~~~~~~..(....### **,,~~~~~~~
~~~~~≈≈~~~~~m###~.## **,~~~~~~~~
~~~≈≈≈≈≈~~~~.tt.@..###*,,~~~~~~~~
~~~≈≈≈≈≈≈≈~~~H†))....#,,,~~~~~~~~
~~~≈≈≈≈≈≈≈≈~~~†.~~......~~~~~~~~~
,~~~≈≈≈≈≈≈≈≈≈~~~~~~.~~~~~~~~~~~~~
*,~~~≈≈≈≈~~~....~~~~~~~~~~~~~~~~~
*,,~~≈≈≈≈~~.....~~~.~~~~≈~~~~~~~~
*,~~~≈≈≈≈~..###..~.###.~≈~~~~~~~~
**,~~≈≈≈≈~..**#....#*,.~~~~~~~~~~
*,~~~~~≈~.,,*#..~..,,~~~~~~~~~~~


You could see 2 alligator snapping turtles, a manticore and a merfolk siren.

Vanquished Creatures
  Vashnia (Snake:4)
  4 nagarajas
  Donald (Shoals:1)
  Aizul (Shoals:2)
  Nessos (Lair:4)
  4 salamander tyrants (Snake:4)
  A centaur warrior (Shoals:1)
  2 hydras
  A catoblepas (Lair:5)
  4 merfolk aquamancers (Shoals:3)
  2 boulder beetles
  13 naga warriors
  15 anacondas
  4 death yaks (Lair:5)
  5 shock serpents
  16 naga sharpshooters
  5 naga ritualists
  3 lindwurms
  8 mana vipers
  An oklob plant (D:11)
  13 salamanders
  7 elephants (Lair:4)
  4 manticores (Shoals:1)
  26 black mambas
  6 guardian serpents
  14 naga magi
  A torpor snail (Lair:3)
  3 water nymphs
  6 merfolk sirens
  3 apocalypse crabs (Shoals:1)
  12 cane toads
  9 komodo dragons
  4 rime drakes
  3 polar bears
  A merfolk (Shoals:1)
  A queen bee (Lair:4)
  3 hornets (Lair:5)
  3 meliai (Lair:4)
  2 wind drakes (Shoals:1)
  7 blink frogs
  12 dream sheep
  4 snapping turtles (Shoals:1)
  43 yaks
  4 water elementals
  3 wyverns
  12 spriggans (Lair:5)
  3 wraiths
  2 basilisks (Lair:5)
  3 steam dragons
  30 nagas
  Duvessa (D:4)
  5 orc warriors
  12 water moccasins
  An ice beast (D:6)
  4 sky beasts
  7 black bears
  2 centaurs
  An ogre (D:5)
  27 wolves
  4 boggarts (Lair:5)
  2 kobold brigands
  10 bullfrogs
  2 scorpions (D:6)
  2 necrophages
  A gnoll sergeant (D:6)
  4 wights (D:9)
  Dowan (D:4)
  28 killer bees
  2 howler monkeys (D:9)
  4 hounds
  A gnoll bouda (D:7)
  5 jellies
  An orc priest (D:9)
  9 orc wizards
  Ijyb (D:4)
  3 iguanas
  6 gnolls
  4 adders
  2 ufetubi
  3 worms
  3 dart slugs
  24 orcs
  5 ball pythons
  3 bats
  2 endoplasms (D:3)
  2 giant cockroaches (D:4)
  2 goblins
  2 hobgoblins
  3 jackals (D:4)
  2 quokkas
  3 frilled lizards
  13 kobolds
  A rat (D:1)
556 creatures vanquished.

Vanquished Creatures (collateral kills)
  Pikel (D:4)
  A lemure (D:4)
2 creatures vanquished.

Vanquished Creatures (others)
  A lemure (D:4)
  An adder (D:6)
  37 fungi
  67 plants
106 creatures vanquished.

Grand Total: 664 creatures vanquished

Notes
Turn   | Place    | Note
-------+----------+-------------------------------------------
     0 | D:1      | tilp the Meteoran Fighter began the quest for the Orb.
     0 | D:1      | Reached XP level 1. HP: 19/19 MP: 2/2
   231 | D:1      | Reached XP level 2. HP: 26/26 MP: 3/3
   258 | D:1      | Found Quppacw's Antique Weapon Emporium.
   367 | D:1      | Reached skill level 1 in Dodging
   439 | D:2      | Reached XP level 3. HP: 30/31 MP: 4/4
   881 | D:3      | You fall into a shaft and drop 3 floors!
   907 | D:6      | Reached XP level 4. HP: 23/38 MP: 5/5
   936 | D:6      | Reached skill level 1 in Throwing
   936 | D:6      | Reached skill level 1 in Stealth
   936 | D:6      | Reached XP level 5. HP: 41/46 MP: 6/6
   954 | D:6      | Reached skill level 1 in Evocations
   987 | D:6      | Noticed an ice beast
  1021 | D:6      | Reached XP level 6. HP: 28/52 MP: 7/7
  1147 | D:6      | Killed an ice beast
  1148 | D:6      | Reached XP level 7. HP: 37/59 MP: 8/8
  1177 | D:6      | Found a hazy altar of Hepliaklqana.
  1188 | D:6      | Found Cirases's Antique Armour Boutique.
  1231 | D:6      | Noticed a steam dragon
  1246 | D:5      | Entered Level 5 of the Dungeon
  1258 | D:5      | Found Adwatwom's Jewellery Shop.
  1272 | D:5      | Noticed a water moccasin
  1288 | D:5      | Killed a water moccasin
  1359 | D:4      | Noticed Pikel
  1588 | D:3      | Reached XP level 8. HP: 51/66 MP: 9/9
  1816 | D:4      | Noticed Ijyb
  1844 | D:4      | Killed Ijyb
  2442 | D:4      | Found a hide-covered altar of Uskayaw.
  2654 | D:4      | Killed Pikel
  2655 | D:4      | Reached skill level 5 in Long Blades
  2655 | D:4      | Reached skill level 5 in Armour
  2655 | D:4      | Reached skill level 5 in Dodging
  2655 | D:4      | Gained mutation: You passively map the area around you.
                  | [Meteoran growth]
  2655 | D:4      | Reached XP level 9. HP: 31/73 MP: 10/10
  2693 | D:4      | Noticed Duvessa
  2695 | D:4      | Noticed Dowan
  2710 | D:4      | Killed Duvessa
  2711 | D:4      | Reached skill level 5 in Fighting
  2718 | D:4      | Killed Dowan
  2812 | D:1      | Bought a dazzling scimitar for 216 gold pieces
  2812 | D:1      | Identified the +4 scimitar "Otish" {freeze, Will++ Stlth+}
                  | (You bought it in a shop on level 1 of the Dungeon)
  3006 | D:5      | Found a staircase to the Ecumenical Temple.
  3015 | Temple   | Entered the Ecumenical Temple
  3057 | Temple   | Became a worshipper of Warmaster Okawaru
  3143 | D:5      | Reached skill level 1 in Invocations
  3411 | D:6      | Bought a cloak for 90 gold pieces
  3436 | D:7      | Found a transporter.
  3542 | D:8      | Reached * piety under Okawaru
  3550 | D:8      | Reached XP level 10. HP: 73/83 MP: 12/14
  3649 | D:7      | Reached skill level 5 in Invocations
  3798 | D:10     | Entered Level 10 of the Dungeon
  4153 | D:9      | Reached ** piety under Okawaru
  4260 | D:9      | Upgraded the game from 0.30-a0-632-g346586fe48 to
                  | 0.30-a0-634-g8abc85282e
  4293 | D:9      | Reached XP level 11. HP: 80/89 MP: 15/18
  4408 | D:9      | Reached *** piety under Okawaru
  4444 | D:9      | Identified the +1 leather armour of Duck's Teeth {Slay+2}
  4547 | D:9      | Identified the +0 scale mail of Honour {Str+5 Int-4}
  4580 | D:10     | Reached skill level 10 in Long Blades
  4617 | D:10     | Found Eguit's Armour Shop.
  4617 | D:10     | Found a staircase to the Orcish Mines.
  4685 | D:10     | Found Foeck's Magic Scroll Shoppe.
  4716 | D:10     | Bought a scroll of identify for 28 gold pieces
  4716 | D:10     | Bought a scroll of teleportation for 42 gold pieces
  4716 | D:10     | Bought a scroll of identify for 28 gold pieces
  4716 | D:10     | Bought a scroll of enchant armour for 105 gold pieces
  4716 | D:10     | Bought a scroll of identify for 28 gold pieces
  4845 | D:10     | Found Buarph's Magic Scroll Emporium.
  4892 | D:10     | Identified the +9 falchion of Gougor {heavy, rElec rPois
                  | rN+ Int-2}
  5016 | D:10     | Bought a scroll of enchant armour for 120 gold pieces
  5096 | D:10     | Found a radiant altar of Vehumet.
  5102 | D:10     | Found an ancient bone altar of Kikubaaqudgha.
  5105 | D:10     | Found a shimmering blue altar of Sif Muna.
  5250 | D:11     | Noticed an oklob plant
  5258 | D:11     | Found a staircase to the Lair.
  5269 | D:11     | Killed an oklob plant
  5269 | D:11     | Reached **** piety under Okawaru
  5313 | Lair:1   | Entered Level 1 of the Lair of Beasts
  5409 | Lair:1   | Received a gift from Okawaru
  5436 | Lair:1   | Noticed Jusyriro's ghost (journeyman DjCj)
  5437 | Lair:1   | Found a runed translucent gate.
  5437 | Lair:1   | Noticed a catoblepas
  5438 | Lair:1   | Found a runed translucent gate.
  5438 | Lair:1   | Found a runed translucent gate.
  5474 | Lair:1   | Reached skill level 5 in Throwing
  5474 | Lair:1   | Reached skill level 5 in Evocations
  5486 | Lair:1   | Reached skill level 5 in Shields
  5537 | Lair:2   | Reached XP level 12. HP: 49/100 MP: 16/19
  5621 | Lair:2   | Found a blossoming altar of Fedhas.
  5744 | Lair:2   | Found a staircase to the Snake Pit.
  5947 | Lair:2   | Noticed a boulder beetle
  5979 | Lair:2   | Killed a boulder beetle
  5979 | Lair:2   | Received a gift from Okawaru
  6273 | Lair:3   | Noticed a boulder beetle
  6292 | Lair:3   | Killed a boulder beetle
  6349 | Lair:3   | Reached XP level 13. HP: 77/108 MP: 16/21
  6360 | Lair:3   | Received a gift from Okawaru
  6379 | Lair:3   | Received a gift from Okawaru
  6407 | Lair:3   | Reached skill level 10 in Invocations
  6483 | Lair:4   | Noticed a four-headed hydra
  6490 | Lair:4   | Killed a four-headed hydra
  6490 | Lair:4   | Reached ***** piety under Okawaru
  6496 | Lair:4   | Received a gift from Okawaru
  6497 | Lair:4   | Reached skill level 10 in Dodging
  6534 | Lair:4   | Reached skill level 10 in Fighting
  6784 | Lair:4   | Received a gift from Okawaru
  6948 | Lair:4   | Found a viscous altar of Jiyva.
  6948 | Lair:4   | Found a staircase to the Slime Pits.
  6948 | Lair:4   | Noticed Nessos
  6965 | Lair:4   | Reached XP level 14. HP: 66/122 MP: 15/22
  6967 | Lair:4   | Killed Nessos
  6986 | Lair:5   | Entered Level 5 of the Lair of Beasts
  7515 | Lair:5   | Received a gift from Okawaru
  7831 | Lair:5   | Received a gift from Okawaru
  7855 | Lair:5   | Reached skill level 10 in Armour
  7930 | Lair:5   | Received a gift from Okawaru
  8040 | Lair:5   | Received a gift from Okawaru
  8102 | Snake:1  | Entered Level 1 of the Snake Pit
  8166 | Snake:1  | Reached XP level 15. HP: 97/132 MP: 25/25
  8342 | Snake:1  | Identified the +1 plate armour of Defence {rN+} (Okawaru
                  | gifted it to you on level 1 of the Snake Pit)
  8342 | Snake:1  | Received a gift from Okawaru
  8396 | Snake:2  | Found Idugut Taiz's Weapon Emporium.
  8398 | Snake:2  | Found Kesten's Antique Armour Shoppe.
  8401 | Snake:2  | Found Bucamem's General Store.
  8408 | Snake:2  | Bought a scroll of teleportation for 63 gold pieces
  8408 | Snake:2  | Bought a scroll of enchant weapon for 157 gold pieces
  8539 | Snake:2  | Noticed a nagaraja
  8554 | Snake:2  | Killed a nagaraja
  8588 | Snake:2  | Noticed a nagaraja
  8600 | Snake:2  | Killed a nagaraja
  8753 | Snake:2  | Identified the +5 ring mail of Leaves {rElec Int+2 Slay+2}
  8807 | Snake:4  | Entered Level 4 of the Snake Pit
  8860 | Snake:4  | Noticed Vashnia
  8901 | Snake:4  | Received a gift from Okawaru
  8902 | Snake:4  | Reached XP level 16. HP: 111/144 MP: 18/26
  8992 | Snake:3  | Received a gift from Okawaru
  9040 | Snake:3  | Found Piwauwne's Jewellery Boutique.
  9042 | Snake:3  | Found Dehatz's Book Shoppe.
  9043 | Snake:3  | Found Tylohets's Jewellery Boutique.
  9078 | Snake:3  | Received a gift from Okawaru
  9351 | Snake:3  | Noticed a nagaraja
  9355 | Snake:3  | Killed a nagaraja
  9355 | Snake:3  | Received a gift from Okawaru
  9603 | Snake:4  | Killed Vashnia
  9603 | Snake:4  | Received a gift from Okawaru
  9604 | Snake:4  | Reached skill level 10 in Evocations
  9884 | Snake:4  | Received a gift from Okawaru
  9903 | Snake:4  | Noticed a nagaraja
  9913 | Snake:4  | Reached XP level 17. HP: 128/154 MP: 26/28
  9920 | Snake:4  | Killed a nagaraja
 10038 | Snake:4  | Reached skill level 15 in Fighting
 10106 | Snake:4  | Received a gift from Okawaru
 10164 | Snake:4  | Reached skill level 15 in Invocations
 10182 | Snake:4  | Received a gift from Okawaru
 10182 | Snake:4  | Found the +8 Vampire's Tooth {megavamp}
 10199 | Snake:4  | Got a serpentine rune of Zot
 10355 | Snake:3  | Bought a ring of flight for 192 gold pieces
 10431 | Snake:1  | You fall into a shaft and drop 1 floor!
 10547 | Snake:1  | Reached skill level 15 in Dodging
 10638 | Lair:3   | Identified a scroll of acquirement
 10639 | Lair:3   | Acquired 471 gold pieces
 10644 | Lair:3   | Found a staircase to the Shoals.
 10653 | Shoals:1 | Entered Level 1 of the Shoals
 10738 | Shoals:1 | Found a runed translucent door.
 10795 | Shoals:1 | Found a corrupted altar of Lugonu.
 10856 | Shoals:1 | Noticed Donald
 10870 | Shoals:1 | Killed Donald
 10961 | Shoals:2 | Noticed Aizul
 10973 | Shoals:2 | Killed Aizul
 10983 | Shoals:2 | You are sucked into a shaft and drop 1 floor!
 10997 | Shoals:3 | Received a gift from Okawaru
 11061 | Shoals:3 | HP: 4/156 [alligator snapping turtle (35)]
 11061 | Shoals:3 | Killed from afar by a manticore

Illustrated notes

Levels and vault maps discovered:
D:1:      nicolae_arrival_somewhat_less_tricky_arrival, layout_loops_ring,
          serial_shops, shop
D:2:      layout_loops_corners
D:3:      layout_loops_ring
D:4:      layout_basic, mainiacjoe_overflow_catwalk, serial_co_window_serial,
          co_window_of_opportunity_a, co_window_paths_b, co_window_paths_b,
          co_window_of_opportunity_a, co_window_of_opportunity_a,
          co_window_broadway_c, co_window_unsneaky_path_d, co_window_corner_b,
          co_window_unsneaky_path_e, co_window_4corner_a, co_window_4corner_b,
          roderic_serpentine_path, uniq_ijyb, uniq_duvessa, uniq_pikel
D:5:      layout_loops_corners, mainiacjoe_overflow_six_doors_small,
          grunt_gozag_breadcrumbs, minmay_temple_entry_butterflies,
          serial_shops, shop_fountains, minmay_pentangle
D:6:      layout_rooms, zin_treasury, lemuel_crystal_altar, serial_shops,
          nicolae_shop_behind_doors, minivault_23, kennysheep_generic_room_14
D:7:      gammafunk_cloud_chamber, layout_basic, trog_hazing_becter,
          grunt_temple_overflow_open, uniq_menkaure
D:8:      layout_loops_corners, amcnicky_mini_corridor_feature,
          amcnicky_mini_pool_small, hangedman_misty_isle
D:9:      layout_rooms
D:10:     layout_roguey, grunt_temple_overflow_magic_moments, orc_david_3,
          serial_shops, nicolae_shop_waterfront, shop
D:11:     minmay_the_grid_triangle_9x9_rhombus_full
          [minmay_the_grid_triangle_9x9_empty,
          minmay_the_grid_triangle_9x9_steps,
          minmay_the_grid_triangle_9x9_thin_v,
          minmay_the_grid_triangle_9x9_stretched_checkered,
          minmay_the_grid_triangle_9x9_odd_lines,
          minmay_the_grid_triangle_9x9_swiss_cheese,
          minmay_the_grid_triangle_9x9_longest,
          minmay_the_grid_triangle_9x9_prize_insulated], layout_basic,
          dpeg_oklobed_lair, gammafunk_ghost_spectres
Temple:   nicolae_temple_bog_church
Lair:1:   layout_roguey, gammafunk_ghost_split, grunt_megastairs_4,
          lemuel_fruit_tree
Lair:2:   layout_small_grid, minmay_snake_entry_guardpost_small, basic_altar,
          minmay_shattered_shrine
Lair:3:   layout_regular_city, elwin_shoals_entry_stream, grunt_megastairs_2
Lair:4:   layout_roguey [special_room_bee], slime_entry_1, serial_bayou_shore_b,
          uniq_nessos
Lair:5:   minmay_lair_end_enchanted_forest, layout_gridlike,
          grunt_forest_small_clearings, wad_woods_02
Shoals:1: layout_shoals, nicolae_shoals_abyss_on_the_beach, uniq_donald,
          uniq_mlioglotl
Shoals:2: layout_shoals, uniq_aizul
Shoals:3: layout_shoals, nicolae_shoals_water_shrine
Snake:1:  layout_misc_corridors, st_stairs_2, hangedman_snake_corridor_split
Snake:2:  layout_grid_maze, minmay_shop_star
Snake:3:  layout_cave_pods, basic_altar, st_stairs_7, minmay_shop_grove,
          nicolae_triple_integral
Snake:4:  snake_pit_salamanders_mu, layout_rooms, grunt_ministairs_7,
          uniq_vashnia

Skill      XL: |  1  2  3  4  5  6  7  8  9 10 11 12 13 14 15 16 17 |
---------------+----------------------------------------------------+-----
Dodging        | 1 2 3 4 5 6 7 8 9 10 12 13 15 | 15.1
Armour         | 4 5 6 7 8 10 12 | 12.2
Shields        | 4 5 6 7 8 |  8.4
Long Blades    | 3 4 5 6 9 10 12 14 | 14.0
Throwing       | 1 2 3 4 5 6 7 8 |  8.4
Stealth        | 1 2 3 4 |  4.0
Evocations     | 1 2 3 4 5 6 8 9 10 | 10.3
Fighting       | 4 6 7 8 10 12 13 14 15 | 15.3
Invocations    | 4 8 9 10 12 13 15 | 15.2

Action                   |  1- 3 |  4- 6 |  7- 9 | 10-12 | 13-15 | 16-18 || total
-------------------------+-------+-------+-------+-------+-------+-------++-------
Melee: Long sword        |    82 |    47 |   202 |       |       |       ||   331
       Scimitar          |       |       |    83 |   520 |   844 |   564 ||  2011
       Short sword       |       |       |       |       |    15 |       ||    15
       Double sword      |       |       |       |       |       |    73 ||    73
Throw: Dart              |     3 |    10 |     2 |     5 |     2 |     5 ||    27
       Stone             |     2 |     3 |       |       |       |       ||     5
Invok: Heroism           |       |       |       |    19 |    18 |    15 ||    52
       Finesse           |       |       |       |     1 |     5 |     6 ||    12
Evoke: Wand              |       |       |     3 |     1 |     2 |       ||     6
       Lightning rod     |       |       |       |       |     4 |     2 ||     6
  Use: Scroll            |     6 |       |     6 |    11 |     8 |     7 ||    38
       Potion            |       |     2 |     2 |     1 |     3 |     1 ||     9
 Stab: Sleeping          |       |       |       |       |     1 |     1 ||     2
Armor: Scale mail        |    38 |    24 |       |       |       |       ||    62
       Chain mail        |       |       |   166 |   151 |   235 |       ||   552
       Ring mail         |       |       |       |       |    10 |   140 ||   150
Dodge: Dodged            |    32 |    19 |   106 |   188 |   442 |   344 ||  1131
Block: Buckler           |    20 |    14 |    76 |   168 |   540 |    66 ||   884
       Reflection        |       |       |       |       |    38 |    54 ||    92
       Kite shield       |       |       |       |       |       |   426 ||   426

Table legend: (Time is in decaauts)
 A = Elapsed time spent in this place.
 B = Non-inter-level travel time spent in this place.
 C = Inter-level travel time spent in this place.
 D = Time resting spent in this place.
 E = Time spent auto-exploring this place.
 F = Levels seen in this place.
 G = Mean time per level.
                   A        B        C        D        E       F      G
               +--------+--------+--------+--------+--------+-----+--------+
         Total |  10576 |   9011 |   1565 |     12 |      0 |  24 |  440.7 |
       Dungeon |   5339 |   4550 |    789 |      2 |      0 |  11 |  485.4 |
        Temple |     64 |     42 |     22 |      0 |      0 |   1 |   64.0 |
          Lair |   2600 |   2277 |    323 |      0 |      0 |   5 |  520.0 |
        Shoals |    363 |    363 |      0 |      0 |      0 |   3 |  121.0 |
     Snake Pit |   2208 |   1778 |    430 |     10 |      0 |   4 |  552.0 |
               +--------+--------+--------+--------+--------+-----+--------+

Top non-repeatable levels by time:
     D:4: 1120 daAuts
 Snake:4: 927 daAuts
  Lair:5: 909 daAuts
  Lair:2: 684 daAuts
    D:10: 570 daAuts
     D:3: 556 daAuts
     D:8: 544 daAuts
  Lair:4: 522 daAuts
     D:9: 502 daAuts
     D:6: 502 daAuts
 Snake:3: 449 daAuts
 Snake:2: 439 daAuts
     D:1: 423 daAuts
     D:2: 422 daAuts
     D:5: 422 daAuts
